 Seeded DCSS version 0.28.0 (webtiles) character file.

Game seed: 6345740197482718906 (custom seed)

38 ravioli the Digger (level 3, 0/21 HPs)
             Began as an Octopode Earth Elementalist on Feb 8, 2022.
             Slain by a phantom (7 damage)
             ... on level 2 of the Dungeon.
             The game lasted 00:03:41 (1986 turns).

ravioli the Digger (Octopode Earth Elementalist)    Turns: 1986, Time: 00:03:41

Health: 0/21       AC:  1    Str: 13    XL:     3   Next: 43%
Magic:  0/6        EV: 13    Int: 19    God:
Gold:   67         SH:  0    Dex: 12    Spells: 2/6 levels left

rFire   . . .      SeeInvis .   (no weapon)
rCold   . . .      Faith    .   (no shield)
rNeg    . . .      Spirit   .   (helmet restricted)
rPois   .          Reflect  .   (no amulet)
rElec   .          Harm     .   a - +6 ring of strength
rCorr   .          Rampage  .   c - ring of wizardry
Will    .....                   (no ring)
Stlth   +++.......              (no ring)
HPRegen 0.07/turn               (no ring)
MPRegen 0.10/turn               (no ring)
                                (no ring)
                                (no ring)

@: no status effects
A: almost no armour, amphibious, 8 rings, camouflage 1, gelatinous body 1,
(nimble swimmer 1), tentacles
a: no special abilities


You were on level 2 of the Dungeon.
You visited 1 branch of the dungeon, and saw 2 of its levels.

You collected 67 gold pieces.

Inventory:

Missiles
 b - 38 stones
Jewellery
 a - a +6 ring of strength (left tentacle)
 c - a ring of wizardry (right tentacle)
Scrolls
 f - a scroll of identify {unknown}


   Skills:
 + Level 2.1 Dodging
 + Level 2.9 Stealth
 + Level 2.4 Spellcasting
 + Level 1.0 Transmutations
 + Level 3.9 Earth Magic


You had 2 spell levels left.
You knew the following spells:

 Your Spells              Type           Power      Damage    Failure   Level
a - Sandblast             Erth           34%        2d9       1%          1
b - Stone Arrow           Conj/Erth      18%        3d8       9%          3

Your spell library contained the following spells:

 Spells                   Type           Power      Damage    Failure   Level
 Passwall                 Tmut/Erth      9%         N/A       3%          2
 Animate Skeleton         Necr           4%         N/A       6%          1
 Apportation              Tloc           4%         N/A       6%          1
 Summon Small Mammal      Summ           8%         N/A       6%          1
 Petrify                  Tmut/Erth      11%        N/A       24%         4


Dungeon Overview and Level Annotations

Branches:
Dungeon (2/15)

Altars:


Innate Abilities, Weirdness & Mutations

You cannot wear most types of armour.
You are amphibious.
You can wear up to eight rings at the same time.
Your skin changes colour to match your surroundings (Stealth+).
Your rubbery body absorbs attacks. (AC +1, EV +1)
((You are camouflaged when in or above water. (Stealth+)))
You have tentacles for arms and can constrict up to eight enemies at once.


Message History

The spell is quite dangerous to miscast (9% risk of failure)!
Continue anyway? [Y]es or [N]o only, please.
The spell is quite dangerous to miscast (9% risk of failure)!
Continue anyway?
Aiming: Stone Arrow (quite dangerous; 9% risk of failure)
Press: ? - help, Shift-Dir - straight line, f/p - phantom
Aim: a phantom (moderately damaged, 51% to hit)
The stone arrow misses the phantom.
The bat hits you but does no damage. The phantom barely misses you.
Unknown command.
Casting: Stone Arrow (quite dangerous; 9% risk of failure)
Confirm with . or Enter, or press ? or * to list all spells.
Aiming: Sandblast (safe; 1% risk of failure)
Press: ? - help, Shift-Dir - straight line, f/p - phantom
Aim: a phantom (moderately damaged, 71% to hit)
The blast of sand hits the phantom!
The phantom is severely damaged.
The bat hits you. The bat barely misses you. The phantom closely misses you.
Unknown command.
Casting: Sandblast (safe; 1% risk of failure)
Confirm with . or Enter, or press ? or * to list all spells.
Aiming: Sandblast (safe; 1% risk of failure)
Press: ? - help, Shift-Dir - straight line, f/p - phantom
Aim: a phantom (severely damaged, 71% to hit)
The blast of sand hits the phantom but does no damage.
The phantom is severely damaged.
The bat closely misses you. x2; The phantom hits you.
Unknown command.
Casting: Sandblast (safe; 1% risk of failure)
Confirm with . or Enter, or press ? or * to list all spells.
Aiming: Sandblast (safe; 1% risk of failure)
Press: ? - help, Shift-Dir - straight line, f/p - phantom
Aim: a phantom (severely damaged, 71% to hit)
The blast of sand hits the phantom.
The phantom is severely damaged.
The bat closely misses you. The phantom hits you!
The phantom blinks!
You blink.
You tentacle-slap the phantom.
The phantom is almost destroyed.
The phantom hits you!
You die...

.# ######.# #......#
#......# #......# #......##
###.......# #..?..§bW.#
#.#####..@# ####...#
#......# ### #......# ...##
#...#### ......
#...######.......######
####..................>...
##...................#..###
##.........)###[### #..#


You could see a phantom and a bat.

Vanquished Creatures
  An adder (D:2)
  A worm (D:2)
  4 ball pythons
  4 hobgoblins
  4 jackals (D:1)
  A kobold (D:2)
  2 quokkas
  3 bats
  5 rats
25 creatures vanquished.

Notes
Turn   | Place    | Note
-------+----------+-------------------------------------------
     0 | D:1      | ravioli the Octopode Earth Elementalist began the quest for
                  | the Orb.
     0 | D:1      | Reached XP level 1. HP: 11/11 MP: 3/3
   344 | D:1      | Reached XP level 2. HP: 17/17 MP: 1/5
  1154 | D:1      | Found a faded altar of an unknown god.
  1199 | D:2      | Reached XP level 3. HP: 21/21 MP: 3/6
  1355 | D:2      | Learned a level 3 spell: Stone Arrow
  1830 | D:2      | Noticed a phantom
  1986 | D:2      | Slain by a phantom

Illustrated notes

Levels and vault maps discovered:
D:1:      wheals_arrival_shading, layout_loops_corners,
          dilly_ecumenical_altar_fadedgnrine, minmay_crystal_water
D:2:      layout_basic, uniq_crazy_yiuf_cottage

Action                   || total
-------------------------++-------
Melee: Unarmed           ||     7
       Constrict         ||     1
       Tentacles         ||     1
 Cast: Sandblast         ||    36
       Stone Arrow       ||     2
  Use: Potion            ||     2
Armor: Skin              ||     4
Dodge: Dodged            ||    11
